 Dungeon Crawl Stone Soup version 0.24.0-123-gd5b16e6ec5 (webtiles) character file.

Game seed: 13359288136046716168, levelgen mode: deterministic

21 Peloso the Shield-Bearer (level 2, 24/24 HPs)
             Began as a Minotaur Fighter on Dec 28, 2019.
             Got out of the dungeon alive.
             The game lasted 00:01:58 (936 turns).

Peloso the Shield-Bearer (Minotaur Fighter)          Turns: 936, Time: 00:01:59

Health: 24/24      AC: 10    Str: 20    XL:     2   Next: 65%
Magic:  1/1        EV:  7    Int:  5    God:
Gold:   62         SH:  9    Dex:  9    Spells: 1/1 levels left

rFire    . . .     SeeInvis .   a - +0 long sword
rCold    . . .     Gourm    .   c - +0 shield
rNeg     . . .     Faith    .   b - +0 scale mail
rPois    .         Spirit   .   (helmet restricted)
rElec    .         Reflect  .   g - +0 cloak
rCorr    .         Harm     .   (no gloves)
MR       .....                  (no boots)
Stlth    ..........             (no amulet)
HPRegen  0.08/turn              (no ring)
MPRegen  0.07/turn              (no ring)

@: no status effects
A: retaliatory headbutt, horns 2, icy blue scales 1, blink, frail 1
a: Blink


You escaped.
You were not hungry.

You visited 1 branch of the dungeon, and saw 1 of its levels.

You collected 62 gold pieces.

Inventory:

Hand Weapons
 a - a +0 long sword (weapon)
Armour
 b - a +0 scale mail (worn)
 c - a +0 shield (worn)
 g - a +0 cloak (worn)
Jewellery
 h - a +2 ring of evasion {unknown}
Scrolls
 e - 3 scrolls of enchant armour {unknown}
 l - 2 scrolls of amnesia {unknown}
 m - a scroll of blinking {unknown}
Potions
 d - a potion of might
 j - a potion of heal wounds
Comestibles
 f - a ration


   Skills:
 + Level 4.0 Fighting
 + Level 2.7 Long Blades
 + Level 3.8 Armour
 + Level 0.2 Dodging
 + Level 4.1 Shields


You had one spell level left.
You didn't know any spells.
Your spell library was empty.

Dungeon Overview and Level Annotations

Branches:
Dungeon (1/15)

Altars:


Innate Abilities, Weirdness & Mutations

You reflexively headbutt those who attack you in melee.
You have a pair of horns on your head.
You are partially covered in icy blue scales. (AC +2)
You can translocate small distances at will.
You are frail. (-10% HP)


Message History

Really quaff the potion of mutation?
You feel extremely strange.
You feel robust.
Your urge to shout disappears.
You feel conductive.
Your magical essence no longer links to wands of the dungeon.
You feel frail.
Icy blue scales grow over part of your body.
You feel jittery.
You feel yourself speed up.
There is an open door here.
You recover from your berserk rage.
There is an open door here.
There is an open door here.
You enter the shallow water.
Moving in this stuff is going to be slow.
There is an open door here.
There is a staircase leading out of the dungeon here.
Are you sure you want to leave the Dungeon?
This will make you lose the game!
Alright, then stay!
Are you sure you want to leave the Dungeon?
This will make you lose the game!
You have escaped!

#.#..#.###.###..#.#.#.....##.≈≈♣♣
................#.#.#####.##.##.≈
#.#..#............#.# #.##.##.#
#.................#.# #.##.....
#..........###.####'# #.##.....
#.##.#.#...# #.#.8#.########.....
#.##.#.#...###.#..........##.....
...............#...8..8..8###....
...........#####@.........'......
>.##.#.#...# #...8..8..8#######
..##.#.#...# #..........# #
...........# #.8#.####### #
..##.#.#.#.# ###### #
..##.#.#.#.#####.# #
.................# ###
..##.###.#.#####.## #..
..................# #.#


There were no monsters in sight!

Vanquished Creatures
  A leopard gecko (D:1)
  6 bats (D:1)
  3 goblins (D:1)
  3 hobgoblins (D:1)
  A ball python (D:1)
  A kobold (D:1)
  3 rats (D:1)
18 creatures vanquished.

Notes
Turn   | Place    | Note
-------+----------+-------------------------------------------
     0 | D:1      | Peloso the Minotaur Fighter began the quest for the Orb.
     0 | D:1      | Reached XP level 1. HP: 19/19 MP: 0/0
   180 | D:1      | Reached XP level 2. HP: 24/27 MP: 1/1
   850 | D:1      | Gained mutation: You are frail. (-10% HP) [potion of
                  | mutation]
   850 | D:1      | Gained mutation: You occasionally shout uncontrollably at
                  | your foes. [potion of mutation]
   850 | D:1      | Gained mutation: You are resistant to electric shocks.
                  | (rElec) [potion of mutation]
   850 | D:1      | Gained mutation: You expend magic power (3 MP) to
                  | strengthen your wands. [potion of mutation]
   851 | D:1      | Lost mutation: You are frail. (-10% HP) [potion of
                  | mutation]
   851 | D:1      | Lost mutation: You occasionally shout uncontrollably at
                  | your foes. [potion of mutation]
   851 | D:1      | Lost mutation: You are resistant to electric shocks.
                  | (rElec) [potion of mutation]
   851 | D:1      | Lost mutation: You expend magic power (3 MP) to strengthen
                  | your wands. [potion of mutation]
   851 | D:1      | Gained mutation: You are frail. (-10% HP) [potion of
                  | mutation]
   851 | D:1      | Gained mutation: You are partially covered in icy blue
                  | scales. (AC +2) [potion of mutation]
   851 | D:1      | Gained mutation: You can translocate small distances at
                  | will. [potion of mutation]
   936 | D:$      | Got out of the dungeon alive.

Levels and vault maps discovered:
D:1:      elethiomel_arrival_quiet, layout_basic, minmay_misc_feat_diagonals,
          serial_bayou_lake_a

Skill      XL: |  1  2 |
---------------+-------+-----
Shields        | 4 |  4.1
Fighting       | 4 |  4.0
Long Blades    | |  2.7
Armour         | |  3.8
Dodging        | |  0.2

Action                   || total
-------------------------++-------
Melee: Long sword        ||    33
       Headbutt          ||     3
  Use: Potion            ||     4
Armor: Scale mail        ||    24
Dodge: Dodged            ||    12
Block: Shield            ||    31
       Rpst.: Long sword ||     2
